 Dungeon Crawl Stone Soup version 0.29.0-4-gdea44cf6ec (webtiles) character file.

Game seed: 3923355283475107687

368 qw the Sneak (level 6, 0/28 HPs)
             Began as a Felid Delver on Aug 27, 2022.
             Slain by a water moccasin (7 damage)
             ... on level 5 of the Dungeon.
             The game lasted 00:00:29 (4685 turns).

qw the Sneak (Felid Delver)                         Turns: 4685, Time: 00:00:30

Health: 0/28       AC:  2    Str: 10    XL:     6   Next: 41%
Magic:  16/16      EV: 25    Int: 11    God:
Gold:   201        SH:  5    Dex: 20    Spells: 5/5 levels left
                                        Lives:  0   Deaths: 1

rFire   . . .      SeeInvis +     - Unarmed
rCold   + . .      Faith    .   (shield unavailable)
rNeg    . . .      Spirit   .   (body armour unavailable)
rPois   .          Reflect  +   (helmet unavailable)
rElec   .          Harm     .   (cloak unavailable)
rCorr   .          Rampage  .   (gloves unavailable)
Will    .....                   (boots unavailable)
Stlth   ++++......              c - amulet of reflection
HPRegen 0.09/turn               i - +4 ring of evasion
MPRegen 0.15/turn               b - ring "Emexiusu" {rC+ MP+9 Str+2}

@: lethally poisoned (0 -> -8), quick
A: very small, claws 1, fangs 3, see invisible, speed 1, shaggy fur 2, stealthy
paws, no weapons or thrown items, no armour, multi-lived
a: no special abilities


You were on level 5 of the Dungeon.
You visited 1 branch of the dungeon, and saw 5 of its levels.

You collected 201 gold pieces.


Innate Abilities, Weirdness & Mutations

You have sharp claws.
You have razor-sharp teeth.
You have supernaturally acute eyesight. (SInv)
You cover ground quickly. (Speed+)
You are covered in thick fur. (AC +2)
Your paws help you pounce on unaware monsters.
You are incapable of wielding weapons or throwing items.
You cannot wear armour.
You gain extra lives every three experience levels.


   Skills:
 - Level 3.0 Fighting
 + Level 5.9 Dodging
 - Level 6.6 Stealth
 - Level 6.2 Unarmed Combat


You had 5 spell levels left.
You didn't know any spells.
Your spell library was empty.

Inventory:

Jewellery
 b - the ring "Emexiusu" (right paw) {rC+ MP+9 Str+2}
   (You acquired it on level 2 of the Dungeon)

   [ring of protection from cold]

   Str:       It affects your strength (+2).
   rC:        It protects you from cold.
   MP:        It affects your magic capacity (+9).
 c - an amulet of reflection (around neck)
 h - the amulet of Elemental Vulnerability {rPois rF-- rC-- AC+8}
   (You found it on level 3 of the Dungeon)

   [amulet of nothing]

   AC:        It affects your AC (+8).
   rF:        It makes you very vulnerable to fire.
   rC:        It makes you very vulnerable to cold.
   rPois:     It protects you from poison.
 i - a +4 ring of evasion (left paw)
Wands
 e - a wand of digging (3)
Scrolls
 j - 2 scrolls of identify
Potions
 a - a potion of mutation
 d - 4 potions of haste
 f - a potion of curing

Dungeon Overview and Level Annotations

Branches:
Dungeon (5/15)
 Temple: D:4-7

Altars:
Dithmenos
Qazlal
Uskayaw
Zin

Shops:
D:5 =


Message History

You claw the water moccasin, but do no damage.
The water moccasin is heavily wounded.
You feel sick. You block the water moccasin's attack.
You scratch the water moccasin. Your bite misses the water moccasin.
The water moccasin is heavily wounded.
You feel sick. The water moccasin closely misses you.
The water moccasin bites you.
You are lethally poisoned!
The water moccasin poisons you!
You barely miss the water moccasin.
The water moccasin is heavily wounded.
You feel very sick. The water moccasin bites you.
You are more poisoned.
The water moccasin poisons you!
4680 ||| DRINKING potion of heal wounds.
You feel much better.
You feel very sick. The water moccasin closely misses you.
You scratch the water moccasin.
The water moccasin is severely wounded.
You feel very sick. The water moccasin closely misses you.
You miss the water moccasin.
The water moccasin is severely wounded.
You feel very sick.
The water moccasin completely misses you.
The water moccasin closely misses you.
You barely miss the water moccasin.
The water moccasin is severely wounded.
You feel very sick. You block the water moccasin's attack.
You claw the water moccasin!
The water moccasin is almost dead.
You feel sick.
The water moccasin completely misses you.
You scratch the water moccasin but do no damage.
The water moccasin is almost dead.
You feel sick. The water moccasin bites you!
You die...

#......#.##...#.#..#
#.........#........##
#...................#
#......##....##...###
...........#..#.###
.........####....###
........## #.#+#...#
.........###.#\#...##
.............###@...#
#.#.............S....#
#####...............##
........ .......###.#
.#...#. .....$. .#
.....#####...... ..
#.......##...... ..
....##.##....... ##
...###.#


You could see a water moccasin.

Vanquished Creatures
  3 scorpions
  3 hounds
  A gnoll bouda (D:4)
  4 gnolls (D:4)
  5 adders
  A worm (D:2)
  2 dart slugs
  8 ball pythons
  4 bats
  8 endoplasms
  6 giant cockroaches
  5 goblins
  6 hobgoblins
  2 jackals (D:4)
  5 kobolds
  4 quokkas
  3 frilled lizards
  3 rats
73 creatures vanquished.

Notes
Turn   | Place    | Note
-------+----------+-------------------------------------------
     0 | D:5      | qw the Felid Delver began the quest for the Orb.
     0 | D:5      | Reached XP level 1. HP: 10/10 MP: 2/2
     0 | D:5      | 0 ||| qw: Version: 0.1-a-89-g26bdef1
     0 | D:5      | 0 ||| qw: Game counter: 120
     0 | D:5      | 0 ||| qw: Always use a shield: true
     0 | D:5      | 0 ||| qw: God list: Okawaru, Trog
     0 | D:5      | 0 ||| qw: Allow faded altars: false
     0 | D:5      | 0 ||| qw: Do Orc after D:15 true
     0 | D:5      | 0 ||| qw: Do second Lair branch before Depths: true
     0 | D:5      | 0 ||| qw: Lair rune preference: random
     0 | D:5      | 0 ||| qw: Plans: Normal
     0 | D:5      | 0 ||| PLANNING D:1-11
     1 | D:5      | 1 ||| DROPPING scroll of fog.
     2 | D:5      | 2 ||| DROPPING scroll of magic mapping.
     3 | D:5      | 3 ||| DROPPING scroll of fear.
    94 | D:3      | Found a stormy altar of Qazlal.
   310 | D:3      | Found the amulet of Elemental Vulnerability {rPois rF--
                  | rC-- AC+8}
   316 | D:3      | Found a shadowy altar of Dithmenos.
   358 | D:3      | 358 ||| UPGRADING to amulet of Elemental Vulnerability
                  | {rPois rF-- rC-- AC+8}.
   363 | D:3      | 363 ||| READING scroll labelled JAEWKE YLITIY.
   364 | D:3      | 364 ||| READING scroll labelled EDO ITOTRUCA.
   365 | D:3      | 365 ||| READING scroll labelled VIYTHUAKIE.
   423 | D:2      | Reached XP level 2. HP: 14/14 MP: 3/3
   531 | D:2      | Reached skill level 3 in Unarmed Combat
   621 | D:1      | Reached skill level 3 in Dodging
   694 | D:1      | 694 ||| Stepping ~*~*~tactically~*~*~ (hiding).
   849 | D:1      | Found a faded altar of an unknown god.
   857 | D:1      | 857 ||| Stepping ~*~*~tactically~*~*~ (stealth).
   860 | D:1      | 860 ||| Stepping ~*~*~tactically~*~*~ (stealth).
   875 | D:1      | 875 ||| Stepping ~*~*~tactically~*~*~ (stealth).
   878 | D:1      | 878 ||| Stepping ~*~*~tactically~*~*~ (stealth).
   880 | D:1      | 880 ||| Stepping ~*~*~tactically~*~*~ (stealth).
   882 | D:1      | 882 ||| Stepping ~*~*~tactically~*~*~ (stealth).
   885 | D:1      | 885 ||| Stepping ~*~*~tactically~*~*~ (stealth).
   886 | D:1      | 886 ||| Stepping ~*~*~tactically~*~*~ (stealth).
   888 | D:1      | 888 ||| Stepping ~*~*~tactically~*~*~ (stealth).
   891 | D:1      | 891 ||| Stepping ~*~*~tactically~*~*~ (stealth).
   923 | D:1      | Reached XP level 3. HP: 12/17 MP: 4/4
   944 | D:1      | 944 ||| Stepping ~*~*~tactically~*~*~ (water).
  1402 | D:1      | 1402 ||| Stepping ~*~*~tactically~*~*~ (stealth).
  1507 | D:1      | 1507 ||| DROPPING amulet of faith.
  1508 | D:1      | 1508 ||| UPGRADING to +4 ring of evasion.
  1509 | D:1      | 1509 ||| READING scroll labelled UTYQESCH ROTU.
  1510 | D:1      | 1510 ||| DRINKING 2 inky potions.
  1511 | D:1      | 1511 ||| DROPPING potion of attraction.
  2177 | D:2      | 2177 ||| READING scroll labelled AGRASH LUYCA.
  2177 | D:2      | Identified a scroll of acquirement
  2177 | D:2      | 2177 ||| ACQUIRING ring "Emexiusu" {rC+ MP+9 Str+2}
  2177 | D:2      | Acquired the ring "Emexiusu" {rC+ MP+9 Str+2}
  2179 | D:2      | 2179 ||| UPGRADING to ring "Emexiusu" {rC+ MP+9 Str+2}.
  2249 | D:2      | 2249 ||| UPGRADING to amulet of reflection.
  2539 | D:3      | 2539 ||| Stepping ~*~*~tactically~*~*~ (stealth).
  2541 | D:3      | 2541 ||| Stepping ~*~*~tactically~*~*~ (stealth).
  2543 | D:3      | 2543 ||| Stepping ~*~*~tactically~*~*~ (stealth).
  2545 | D:3      | 2545 ||| Stepping ~*~*~tactically~*~*~ (stealth).
  2838 | D:3      | 2838 ||| DRINKING 2 ruby potions.
  2839 | D:3      | 2839 ||| DRINKING 2 bubbling pink potions.
  2840 | D:3      | 2840 ||| DRINKING 2 dark potions.
  2944 | D:3      | 2944 ||| DROPPING potion of brilliance.
  2945 | D:3      | 2945 ||| DROPPING potion of berserk rage.
  2996 | D:4      | Reached XP level 4. HP: 21/21 MP: 5/5
  3052 | D:4      | 3052 ||| Stepping ~*~*~tactically~*~*~ (stealth).
  3060 | D:4      | 3060 ||| Stepping ~*~*~tactically~*~*~ (stealth).
  3062 | D:4      | 3062 ||| Stepping ~*~*~tactically~*~*~ (stealth).
  3080 | D:4      | 3080 ||| Stepping ~*~*~tactically~*~*~ (stealth).
  3082 | D:4      | 3082 ||| Stepping ~*~*~tactically~*~*~ (stealth).
  3158 | D:4      | 3158 ||| FLEEEEING.
  3159 | D:4      | 3159 ||| FLEEEEING.
  3160 | D:4      | 3160 ||| FLEEEEING.
  3162 | D:4      | 3162 ||| STAIRDANCE
  3269 | D:4      | 3269 ||| STAIRDANCE
  3396 | D:4      | Noticed a +0 falchion
  3396 | D:4      | Noticed a +0 dagger
  3397 | D:4      | Noticed a +0 spear
  3397 | D:4      | Noticed a +0 spear
  3397 | D:4      | Noticed a +0 falchion
  3398 | D:4      | Noticed a +0 dagger
  3398 | D:4      | Noticed a +0 short sword
  3399 | D:4      | Noticed a +0 short sword
  3480 | D:4      | 3480 ||| Stepping ~*~*~tactically~*~*~ (stealth).
  3482 | D:4      | 3482 ||| Stepping ~*~*~tactically~*~*~ (stealth).
  3488 | D:4      | 3488 ||| Stepping ~*~*~tactically~*~*~ (stealth).
  3597 | D:4      | Found a hide-covered altar of Uskayaw.
  3607 | D:4      | Noticed a scorpion
  3620 | D:4      | Killed a scorpion
  3621 | D:4      | Reached XP level 5. HP: 7/24 MP: 6/6
  3856 | D:4      | HP: 1/24 [gnoll/+0 spear[a gnoll bouda] (6)]
  3858 | D:4      | Mangled by a gnoll
  3859 | D:4      | Reached XP level 4. HP: -8/21 MP: 14/14
  3932 | D:4      | 3932 ||| Stepping ~*~*~tactically~*~*~ (hiding).
  3983 | D:4      | 3983 ||| Stepping ~*~*~tactically~*~*~ (stealth).
  3985 | D:4      | 3985 ||| Stepping ~*~*~tactically~*~*~ (stealth).
  3987 | D:4      | 3987 ||| Stepping ~*~*~tactically~*~*~ (stealth).
  3999 | D:4      | Reached XP level 5. HP: 24/24 MP: 6/6
  4005 | D:4      | 4005 ||| Stepping ~*~*~tactically~*~*~ (stealth).
  4006 | D:4      | 4006 ||| Stepping ~*~*~tactically~*~*~ (stealth).
  4015 | D:4      | Found a glowing silver altar of Zin.
  4087 | D:4      | 4087 ||| READING 2 scrolls labelled CANGEU ICHUP.
  4088 | D:4      | 4088 ||| READING 4 scrolls of identify.
  4088 | D:4      | 4088 ||| IDENTIFYING green potion
  4089 | D:4      | 4089 ||| READING 3 scrolls of identify.
  4089 | D:4      | 4089 ||| IDENTIFYING red potion
  4090 | D:4      | 4090 ||| DROPPING scroll of poison.
  4091 | D:4      | 4091 ||| Stepping randomly (stuck).
  4092 | D:4      | 4092 ||| Stepping ~*~*~tactically~*~*~ (cloud).
  4436 | D:5      | 4436 ||| Stepping ~*~*~tactically~*~*~ (stealth).
  4437 | D:5      | 4437 ||| Stepping ~*~*~tactically~*~*~ (stealth).
  4440 | D:5      | 4440 ||| Stepping ~*~*~tactically~*~*~ (stealth).
  4466 | D:5      | Reached skill level 6 in Unarmed Combat
  4466 | D:5      | Gained mutation: You are covered in thick fur. (AC +2)
                  | [Felid growth]
  4466 | D:5      | Reached XP level 6. HP: 18/28 MP: 7/7
  4575 | D:5      | 4575 ||| Stepping ~*~*~tactically~*~*~ (stealth).
  4577 | D:5      | 4577 ||| Stepping ~*~*~tactically~*~*~ (stealth).
  4659 | D:5      | Noticed a water moccasin
  4670 | D:5      | Found Ysmum's Jewellery Shoppe.
  4679 | D:5      | HP: 6/28 [water moccasin (2)]
  4680 | D:5      | 4680 ||| DRINKING potion of heal wounds.
  4685 | D:5      | HP: 7/28 [poisoned by a water moccasin]
  4685 | D:5      | Slain by a water moccasin

Levels and vault maps discovered:
D:1:      tarquinn_simple_flora_water_e, layout_loops_cross,
          chequers_ecumenical_altar_island, minmay_misc_feat_columns
D:2:      layout_loops_cross
D:3:      layout_basic, grunt_qazlal_clouds, mainiacjoe_overflow_tiny_flanked,
          ebering_dispersal_statue_hall
D:4:      layout_rooms, nicolae_uskayaw_en_pointe, general_overflow_altar
D:5:      layout_cave_pools, minmay_temple_entry_grid, serial_shops,
          nicolae_shop_window_shopping, grunt_decor_mini_mirrors

Skill      XL: |  1  2  3  4  5 |
---------------+----------------+-----
Unarmed Combat | 3 4 5 6 |  6.2
Dodging        | 3 4 5 |  5.9
Fighting       | |  3.0
Stealth        | |  6.6

Action                   |  1- 3 |  4- 6 || total
-------------------------+-------+-------++-------
Melee: Unarmed           |   132 |   121 ||   253
       Punch             |     3 |     5 ||     8
       Bite              |     7 |    12 ||    19
  Use: Scroll            |     5 |     3 ||     8
       Potion            |     4 |     1 ||     5
 Stab: Sleeping          |     5 |       ||     5
       Distracted        |       |     1 ||     1
Armor: Skin              |    13 |     5 ||    18
Dodge: Dodged            |    89 |   103 ||   192
Block: Other             |       |    24 ||    24

Table legend:
 A = Non-vault XP
 B = Vault XP
 C = Vault XP percentage of total XP
 D = Non-vault monster count
 E = Vault monster count
 F = Vault count percentage of total count
                 A         B        C        D         E       F
            +---------+---------+-------+---------+---------+-------
      Total |     665 |       0 |   0.0 |      73 |       0 |   0.0
            +---------+---------+-------+---------+---------+-------
        D:1 |      44 |       0 |   0.0 |      25 |       0 |   0.0
        D:2 |      22 |       0 |   0.0 |      11 |       0 |   0.0
        D:3 |      21 |       0 |   0.0 |      11 |       0 |   0.0
        D:4 |     288 |       0 |   0.0 |      20 |       0 |   0.0
        D:5 |     290 |       0 |   0.0 |       6 |       0 |   0.0
            +---------+---------+-------+---------+---------+-------
